 Dungeon Crawl Stone Soup version 0.31-a0-542-gdc2a67831c (webtiles) character file.

Game seed: 17009494244326447361

86 AdnanSaban the Trooper (level 4, -1/29 HPs)
             Began as a Gargoyle Fighter on Aug 14, 2023.
             Slain by Grinder (2 damage)
             ... on level 3 of the Dungeon.
             The game lasted 00:01:33 (1567 turns).

AdnanSaban the Trooper (Gargoyle Fighter)           Turns: 1567, Time: 00:01:34

Health: -1/29      AC: 12    Str: 21    XL:     4   Next: 50%
Magic:  4/4        EV:  8    Int:  9    God:
Gold:   89         SH:  4    Dex:  9    Spells: 3/3 levels left

rFire   . . .        a - +0 flail
rCold   . . .        c - +0 buckler
rNeg    + . .        k - +0 chain mail
rPois   ∞            (no helmet)
rElec   +            (no cloak)
rCorr   .            (no gloves)
SInv    .            (no boots)
Will    .....        (no amulet) Stlth
                     (no ring)
HPRegen 0.24/turn    (no ring)
MPRegen 0.09/turn

%: no passive effects
@: no status effects
A: sickness immunity, AC +3, negative energy resistance 1, electricity
resistance, torment resistance 1, petrification resistance
a: no special abilities


You were on level 3 of the Dungeon.
You visited 1 branch of the dungeon, and saw 3 of its levels.

You collected 89 gold pieces.

Inventory:

Hand Weapons
 a - a +0 flail (weapon)
Missiles
 g - 6 poisoned darts
 i - 2 boomerangs
Armour
 c - a +0 buckler (worn)
 k - a +0 chain mail (worn)
Scrolls
 b - a scroll of enchant armour {unknown}
 f - 5 scrolls of noise {unknown}
 h - a scroll of immolation {unknown}
 l - a scroll of vulnerability {unknown}
Potions
 d - 2 potions of might
 e - a potion of lignification {unknown}
 j - a potion of heal wounds {unknown}
 m - a potion of curing {unknown}


   Skills:
 + Level 3.8 Fighting
 + Level 3.2 Maces & Flails
 + Level 3.8 Armour
 + Level 0.4 Dodging
 + Level 3.8 Shields


You had 3 spell levels left.
You didn't know any spells.
Your spell library contained the following spells:

 Spells                   Type           Power      Damage    Failure   Level
 Slow                     Hex            0%         N/A       98%         1
 Sting                    Tmut/Pois      0%         1d3       98%         1
 Confusing Touch          Hex            0%         N/A       100%        3
 Ignite Poison            Fire/Tmut/Pois 0%         N/A       100%        3
 Inner Flame              Hex/Fire       0%         N/A       100%        3
 Vampiric Draining        Necr           0%         2d6       100%        3
 Flame Wave               Conj/Fire      0%         2d4       100%        4
 Sticky Flame             Conj/Fire      0%         2d3       100%        4
 Freezing Cloud           Conj/Ice/Air   0%         6-21      100%        5
 Cigotuvi's Dreadful Rot  Necr/Pois/Air  Unusable   N/A       N/A         2

Dungeon Overview and Level Annotations

Branches:
Dungeon (3/15)

Altars:

Annotations:
D:3 Grinder


Innate Abilities, Weirdness & Mutations

You are immune to sickness and miasma.
Your stone body is resilient. (AC +3)
You are immune to poison.
You resist negative energy. (rN+)
You are resistant to electric shocks. (rElec)
You are resistant to unholy torment.
You are immune to petrification.


Message History

You hit Grinder.
Grinder is heavily wounded.
Grinder hits you.
You writhe in agony.
You are too injured to fight recklessly!
You are too injured to fight recklessly!
You are too injured to fight recklessly!
You are too injured to fight recklessly!
You are too injured to fight recklessly!
You are too injured to fight recklessly!
You are too injured to fight recklessly!
You are too injured to fight recklessly!
You are too injured to fight recklessly!
You are too injured to fight recklessly!
You are too injured to fight recklessly!
You are too injured to fight recklessly!
You are too injured to fight recklessly!
You are too injured to fight recklessly!
You are too injured to fight recklessly!
You are too injured to fight recklessly!
Unknown command.
You are too injured to fight recklessly!
You hit Grinder.
Grinder is heavily wounded.
Grinder gestures at you. Pain shoots through your body! Grinder hits you.
* * * LOW HITPOINT WARNING * * *
You sock Grinder!
Grinder is severely wounded.
Grinder hits you but does no damage.
You hit Grinder but do no damage.
Grinder is severely wounded.
Grinder says, "I used to sell toenails on the black market."
Grinder hits you but does no damage.
You hit Grinder.
Grinder is severely wounded.
Grinder says, "FISH!"
Grinder hits you!
* * * LOW HITPOINT WARNING * * *
You writhe in agony.
You die...

#### ## ##..## .##
####.##.### #.#
#...####..####.#
#.###.#####.##@##
##.##..#.5#######
#########.#########...#
...#....#.#....#......#
..#.............#.....#
[.......#.#...........#
......................#
##.............)....#
#..[<).....#########


You could see Grinder.

Vanquished Creatures
  3 adders (D:2)
  A worm (D:2)
  A dart slug (D:3)
  3 orcs
  6 ball pythons
  5 bats
  2 endoplasms
  6 goblins
  3 hobgoblins
  4 jackals (D:2)
  2 kobolds
  4 quokkas
  5 frilled lizards
  2 rats (D:1)
47 creatures vanquished.

Notes
Turn   | Place    | Note
-------+----------+-------------------------------------------
     0 | D:1      | AdnanSaban the Gargoyle Fighter began the quest for the
                  | Orb.
     0 | D:1      | Reached XP level 1. HP: 14/14 MP: 1/1
    82 | D:1      | Found a faded altar of an unknown god.
    94 | D:1      | Got Plato's Teachings on Permutations
   143 | D:1      | Reached XP level 2. HP: 18/19 MP: 2/2
   718 | D:2      | Reached XP level 3. HP: 20/24 MP: 3/3
  1206 | D:2      | Reached XP level 4. HP: 29/29 MP: 4/4
  1546 | D:3      | Noticed Grinder
  1549 | D:3      | Paralysed by Grinder for 2 turns
  1567 | D:3      | HP: 1/29 [Grinder (7)]
  1567 | D:3      | Slain by Grinder

Illustrated notes

Levels and vault maps discovered:
D:1:      zelgadis_glass_arrival_small, layout_rooms,
          shapermc_ecumenical_altar_rom_forum, minmay_hexomino_p4
D:2:      layout_loops_ring, kennysheep_crisscross
D:3:      wad_river_or_something, layout_rooms, kiku_gazebo_pond_becter,
          lemuel_tele_altar, cheibriados_altar_1, uniq_grinder, uniq_sigmund

Skill      XL: |  1  2  3  4 |
---------------+-------------+-----
Maces & Flails | 3 |  3.2
Fighting       | |  3.8
Armour         | |  3.8
Dodging        | |  0.4
Shields        | |  3.8

Action                     |  1- 3 |  4- 6 || total
---------------------------+-------+-------++-------
  Melee: Flail             |   126 |    55 ||   181
 Armour: Scale mail        |    75 |       ||    75
         Chain mail        |    10 |    31 ||    41
  Dodge: Dodged            |    77 |    24 ||   101
  Block: Buckler           |    29 |    11 ||    40

Table legend: (Time is in decaauts)
 A = Elapsed time spent in this place.
 B = Non-inter-level travel time spent in this place.
 C = Inter-level travel time spent in this place.
 D = Time resting spent in this place.
 E = Time spent auto-exploring this place.
 F = Levels seen in this place.
 G = Mean time per level.
                   A        B        C        D        E       F      G
               +--------+--------+--------+--------+--------+-----+--------+
         Total |   1621 |   1512 |    109 |      0 |   1117 |   3 |  540.3 |
       Dungeon |   1621 |   1512 |    109 |      0 |   1117 |   3 |  540.3 |
               +--------+--------+--------+--------+--------+-----+--------+

Top non-repeatable levels by time:
     D:2: 811 daAuts
     D:1: 648 daAuts
     D:3: 161 daAuts
